 Dungeon Crawl Stone Soup version 0.16.2-12-gd0ad4c3 (webtiles) character file.

251 suicidejoker the Sneak (level 5, -1/41 HPs)
             Began as a Demonspawn Assassin on Sept 22, 2015.
             Slain by Grinder (9 damage)
             ... while paralysed by Grinder
             ... on level 4 of the Dungeon.
             The game lasted 00:06:27 (3466 turns).

suicidejoker the Sneak (Demonspawn Assassin)        Turns: 3466, Time: 00:06:27

Health: -1/41      AC:  5    Str: 11    XL:     5   Next: 88%
Magic:  5/5        EV:  2    Int: 13    God:
Gold:   235        SH:  0    Dex: 15    Spells: 0 memorised, 4 levels left

rFire  + + .     SeeInvis .     a - +2 dagger
rCold  + . .     Clarity  .     o - +1 leather armour {rF+}
rNeg   . . .     SustAb   .     (no shield)
rPois  +         Gourm    .     (no helmet)
rElec  +         Spirit   .     d - +0 cloak
rCorr  +         Warding  .     (no gloves)
rMut   .         Stasis   .     (no boots)
MR     .....                    (no amulet)
Stlth  +++.......               (no ring)
                                (no ring)

@: paralysed, resistant, very slightly contaminated, invisible, not resistant to
hostile enchantments, fairly stealthy
A: talons 2, demonic guardian 1
a: no special abilities


You were on level 4 of the Dungeon.
You were very hungry.

You visited 1 branch of the dungeon, and saw 4 of its levels.

You collected 235 gold pieces.

Inventory:

Hand weapons
 a - a +2 dagger (weapon)
 b - a +0 blowgun
Missiles
 e - 8 poisoned needles
 f - 2 curare-tipped needles
 t - 13 needles of confusion
Armour
 c - a +0 robe
 d - a +0 cloak (worn)
 o - a +1 leather armour of fire resistance (worn)
Jewellery
 l - an uncursed ring of teleport control
Scrolls
 h - a scroll of identify
 i - 3 scrolls of teleportation {unknown}
 j - 3 scrolls of remove curse {unknown}
 n - a scroll of fog {unknown}
 r - a scroll of blinking {unknown}
 s - a scroll of noise {unknown}
 u - a scroll of immolation {unknown}
 x - a scroll of amnesia {unknown}
 y - a scroll of random uselessness {unknown}
 A - a scroll of enchant weapon {unknown}
Comestibles
 g - 3 bread rations
 k - a royal jelly
 p - a slice of pizza
 w - a meat ration


   Skills:
 + Level 3.0 Fighting
 + Level 2.7 Short Blades
 + Level 1.8 Throwing
 + Level 2.9 Dodging
 + Level 5.1 Stealth


You had 4 spell levels left.
You didn't know any spells.

Dungeon Overview and Level Annotations

Branches:
Dungeon (4/15)
 Temple: D:4-7

Altars:
Ashenzari
Dithmenos
Fedhas
Gozag
Sif Muna
Trog
Xom
Zin

Annotations:
D:4 Grinder


Innate Abilities, Weirdness & Mutations

You have razor-sharp toenails.
A weak demonic guardian rushes to your aid.


Message History

You suddenly lose the ability to move!
Your ufetubus closely misses Grinder. x2
Your ufetubus hits Grinder.
Your ufetubus hits Grinder but does no damage.
Grinder hits you!
* * * LOW HITPOINT WARNING * * *
You writhe in agony. x2
Your ufetubus hits Grinder.
Your ufetubus closely misses Grinder.
Grinder grins, showing sharp teeth.
Grinder hits you but does no damage.
Your ufetubus hits Grinder but does no damage.
Your ufetubus barely misses Grinder. x2
Your ufetubus misses Grinder. Grinder hits you.
* * * LOW HITPOINT WARNING * * *
You writhe in agony.
* * * LOW HITPOINT WARNING * * *
Your ufetubus hits Grinder.
Your ufetubus hits Grinder but does no damage.
Grinder hits you!
You die...

##############
#..............
#.............
#..............
#..............
#....@5........
#......5........
##+#........###
##.#....#####
#...........#
......####'###
.............#
.............#
#...........#


You could see Grinder and a friendly ufetubus.

Vanquished Creatures
  The ghost of Corinon the Bolt Thrower, an average KoHu (D:3)
  An orc priest (D:3)
  An orc wizard (D:3)
  An adder (D:2)
  2 worms (D:2)
  2 giant geckos
  2 orcs
  3 giant cockroaches
  3 goblins
  4 hobgoblins
  3 jackals (D:3)
  A ball python (D:1)
  8 bats
  4 giant newts
  7 kobolds
  6 rats
49 creatures vanquished.

Vanquished Creatures (collateral kills)
  An ogre (D:4)
  An orc (D:3)
  A hobgoblin (D:3)
3 creatures vanquished.

Vanquished Creatures (others)
  An iron imp (D:4)
  A quasit (D:4)
  A white imp (D:3)
  An ufetubus (D:4)
4 creatures vanquished.

Grand Total: 56 creatures vanquished

Notes
Turn   | Place    | Note
--------------------------------------------------------------
     0 | D:1      | suicidejoker, the Demonspawn Assassin, began the quest for the Orb.
     0 | D:1      | Reached XP level 1. HP: 16/16 MP: 1/1
   134 | D:1      | Reached skill level 1 in Dodging
   170 | D:1      | Gained mutation: A weak demonic guardian rushes to your aid. [demonic ancestry]
   170 | D:1      | Reached XP level 2. HP: 20/22 MP: 2/2
   399 | D:1      | Reached skill level 4 in Stealth
  1052 | D:2      | Gained mutation: You have sharp toenails. [demonic ancestry]
  1052 | D:2      | Reached XP level 3. HP: 22/27 MP: 3/3
  2368 | D:3      | Noticed Corinon's ghost (average KoHu)
  2378 | D:3      | Killed Corinon's ghost
  2378 | D:3      | Reached XP level 4. HP: 21/34 MP: 4/4
  2574 | D:3      | Gained mutation: You have razor-sharp toenails. [demonic ancestry]
  2574 | D:3      | Reached XP level 5. HP: 15/40 MP: 5/5
  3212 | D:4      | Found a shadowy altar of Dithmenos.
  3212 | D:4      | Found a glowing silver altar of Zin.
  3214 | D:4      | Found a bloodstained altar of Trog.
  3215 | D:4      | Found a deep blue altar of Sif Muna.
  3215 | D:4      | Found a shimmering altar of Xom.
  3216 | D:4      | Found an opulent altar of Gozag.
  3220 | D:4      | Found a blossoming altar of Fedhas.
  3220 | D:4      | Found a shattered altar of Ashenzari.
  3225 | D:4      | Noticed an ogre
  3260 | D:4      | Killed an ogre
  3260 | D:4      | Reached skill level 5 in Stealth
  3453 | D:4      | Noticed Grinder
  3462 | D:4      | Paralysed by Grinder for 6 turns
  3466 | D:4      | Slain by Grinder

Action                   |  1- 3 |  4- 6 || total
-------------------------+-------+-------++-------
Melee: Dagger            |   141 |    41 ||   182
 Fire: Blowgun           |       |     2 ||     2
  Use: Potion            |     4 |     4 ||     8
       Scroll            |       |     2 ||     2
 Stab: Sleeping          |     7 |     2 ||     9
       Distracted        |       |     1 ||     1
  Eat: Chunk             |     4 |     3 ||     7
